Map: Oxide LE

Players

Trap

  • Race: Protoss Protoss
  • League: Master
  • Spawn Location: 1:00

ByuN - Winner!

  • Race: Terran Terran
  • League: Master
  • Spawn Location: 7:00

VOD

Have the link to the VOD?

Description

Time

  • Played on: Jan. 13, 2021, 10:22 a.m.
  • Length: 11:24
Show
View Real Time Build Order
Export as new Build Order

Trap Protoss 

Build Orders: 1 Gate Expand, Phoenix Opening, Archon Immortal, Blink Stalkers 

Get SALT Encoding   

  12  0:00  Probe  
  13  0:12  Probe  
  14  0:18  Pylon  
  14  0:24  Probe (Chrono Boost)  
  15  0:36  Gateway, Probe (Chrono Boost)  
  16  0:44  Probe (Chrono Boost)  
  16  0:45  Assimilator  
  17  0:50  Probe  
  18  1:03  Probe  
  19  1:15  Probe  
  20  1:23  Cybernetics Core  
  20  1:34  Nexus  
  20  1:40  Pylon  
  20  1:43  Probe  
  21  1:50  Assimilator  
  21  1:55  Probe  
  21  1:56  Adept (Chrono Boost)  
  21  2:00  Warp Gate  
  25  2:08  Probe  
  25  2:20  Twilight Council, Probe  
  26  2:28  Stalker  
  28  2:32  Probe  
  29  2:46  Probe (Chrono Boost)  
  29  2:47  Blink (Chrono Boost)  
  29  2:50  Probe (Chrono Boost)  
  31  2:55  Probe (Chrono Boost)  
  33  2:58  Probe (Chrono Boost)  
  33  3:01  Probe  
  34  3:06  Gateway  
  34  3:08  Stalker  
  34  3:10  Probe  
  37  3:13  Probe  
  38  3:22  Probe  
  38  3:24  Robotics Facility  
  38  3:25  Probe  
  40  3:28  Shield Battery  
  40  3:35  Probe  
  40  3:37  Probe  
  40  3:38  Pylon  
  42  3:47  Probe  
  42  3:48  Sentry  
  45  3:50  Probe  
  46  3:59  Nexus  
  46  4:00  Phoenix  
  46  4:02  Probe x2  
  48  4:07  Stalker  
  50  4:11  Observer  
  50  4:14  Probe  
  50  4:15  Probe  
  50  4:16  Pylon  
  53  4:22  Assimilator  
  53  4:23  Pylon  
  53  4:27  Probe  
  54  4:35  Probe  
  54  4:36  Stalker x2  
  59  4:40  Probe  
  59  4:42  Observer  
  61  4:47  Probe  
  61  4:52  Probe  
  63  4:57  Assimilator  
  63  4:59  Pylon, Probe  
  64  5:04  Probe  
  64  5:05  Gateway  
  64  5:06  Forge  
  65  5:07  Gateway  
  65  5:11  Templar Archives  
  65  5:13  Probe (Chrono Boost)  
  66  5:18  Probe (Chrono Boost)  
  68  5:21  Probe (Chrono Boost)  
  68  5:25  Gateway  
  68  5:26  Charge  
  68  5:27  Gateway  
  68  5:28  Probe x2 (Chrono Boost)  
  70  5:30  Probe (Chrono Boost)  
  70  5:35  Stalker, Probe x2, Protoss Ground Weapons Level 1 (Chrono Boost)  
  74  5:40  Probe  
  74  5:47  Probe  
  74  5:49  Gateway, Shield Battery  
  75  5:50  Immortal (Chrono Boost)  
  75  5:55  Sentry  
  81  5:59  Pylon  
  81  6:00  Zealot  
  81  6:02  Zealot  
  85  6:05  Zealot  
  85  6:09  Probe x3  
  90  6:14  Observer  
  90  6:16  Pylon  
  90  6:20  Stalker x3  
  90  6:22  Sentry  
  90  6:23  Zealot  
  100  6:27  Pylon  
  100  6:31  Immortal (Chrono Boost)  
  100  6:35  Pylon  
  100  6:37  Sentry  
  106  6:42  Pylon  
  106  6:44  Zealot  
  108  6:49  Zealot x4  
  108  6:59  Zealot  
  98  7:04  Immortal (Chrono Boost)  
  96  7:09  Zealot x5  
  96  7:10  Zealot  
  92  7:24  Protoss Ground Armor Level 1 (Chrono Boost)  
  86  7:32  Gateway, High Templar x2  
  86  7:33  Psionic Storm, Assimilator, Gateway, Zealot  
  86  7:34  Assimilator, Zealot x4  
  86  7:36  Observer  
  100  7:39  Archon, Shield Battery  
  100  7:41  Observer (Chrono Boost)  
  102  7:44  Probe x3  
  104  7:57  Photon Cannon  
  102  7:58  Warp Prism (Chrono Boost)  
  102  8:02  Sentry, Zealot x2  
  102  8:03  Zealot  
  102  8:05  Probe x3  
  115  8:09  Pylon  
  115  8:15  High Templar  
  115  8:16  Zealot  
  115  8:17  High Templar  
  121  8:22  Archon  
  121  8:23  Zealot x3  
  127  8:28  Zealot x3  
  127  8:33  Immortal (Chrono Boost)  
  137  8:37  High Templar  
  139  8:46  High Templar  
  141  8:49  Pylon  
  141  8:50  Pylon x2  
  139  9:00  High Templar  
  139  9:01  High Templar  
  130  9:12  Zealot  
  130  9:13  Zealot  
  130  9:16  Pylon  
  130  9:17  Pylon  
  114  9:19  Zealot x5  
  106  9:33  Stalker x2  
  106  9:34  Stalker x2  
  104  9:42  Robotics Facility  
  98  9:51  Stalker x4  
  100  9:59  Zealot x2  
  104  10:09  Zealot x2  
  94  10:24  Zealot x4  
  100  10:31  High Templar x2  
  95  10:44  Archon  
  95  10:46  Zealot x3  
  99  10:52  High Templar x2  
  101  10:57  Archon  
Show
View Real Time Build Order
Export as new Build Order

ByuN Terran - Winner!

Build Orders:  

Get SALT Encoding   

  12  0:01  SCV  
  13  0:13  SCV  
  14  0:19  Supply Depot  
  14  0:25  SCV  
  15  0:41  SCV  
  16  0:42  Barracks  
  16  0:44  Refinery  
  16  0:53  SCV  
  17  1:05  SCV  
  18  1:17  SCV  
  19  1:29  Orbital Command, Marine  
  20  1:42  Command Center  
  20  1:48  Barracks Reactor  
  20  1:56  Supply Depot, SCV  
  21  2:06  Barracks  
  22  2:08  SCV  
  22  2:18  Engineering Bay  
  22  2:20  SCV  
  23  2:23  Marine  
  23  2:24  Marine  
  25  2:32  SCV  
  26  2:41  Marine x2  
  28  2:44  SCV  
  28  2:46  Terran Infantry Weapons Level 1  
  29  2:52  Bunker  
  29  2:54  Orbital Command  
  29  2:55  Barracks Tech Lab  
  29  2:57  SCV  
  30  2:59  Marine  
  30  3:00  Marine  
  32  3:09  SCV  
  33  3:15  Stimpack, Marine  
  33  3:17  Marine  
  33  3:18  Marine  
  33  3:19  Supply Depot  
  36  3:24  SCV x2  
  38  3:29  Refinery  
  38  3:32  Marine  
  39  3:35  Marine  
  39  3:36  SCV x2, Marine  
  43  3:41  Supply Depot  
  44  3:48  SCV x2  
  44  3:50  Marine  
  44  3:53  Marine  
  44  3:54  Factory, Marine  
  48  4:00  SCV x2  
  50  4:04  Supply Depot, Missile Turret  
  50  4:09  Marine  
  51  4:12  SCV  
  51  4:13  SCV  
  51  4:15  Marine x2  
  55  4:24  SCV  
  55  4:25  Supply Depot, SCV  
  55  4:27  Marine  
  58  4:33  Marine x2  
  58  4:37  SCV x2  
  62  4:38  Factory Reactor, Starport  
  62  4:50  Supply Depot, SCV x2  
  62  4:51  Refinery  
  62  4:52  Marauder  
  66  4:58  Combat Shield  
  66  5:02  Barracks, SCV x2  
  67  5:09  Marine x2  
  67  5:14  Marauder  
  71  5:18  Refinery  
  71  5:19  SCV  
  71  5:20  SCV  
  73  5:21  Terran Infantry Armor Level 1  
  73  5:25  Factory Tech Lab  
  73  5:27  Marine x2  
  77  5:32  SCV x2  
  77  5:34  Supply Depot x2  
  77  5:35  Marauder  
  81  5:39  Medivac x2  
  81  5:42  Factory Tech Lab  
  82  5:45  Marine x2  
  84  5:50  Barracks Tech Lab  
  84  5:53  Command Center  
  86  6:06  Marine  
  86  6:07  Marine  
  86  6:09  Marauder x2  
  86  6:10  Siege Tank  
  93  6:17  Barracks, SCV x2  
  93  6:18  Barracks  
  95  6:20  Supply Depot  
  95  6:23  Medivac x2  
  99  6:28  Marine x2  
  102  6:32  SCV  
  102  6:41  Supply Depot x2, SCV  
  102  6:42  Marauder x2  
  102  6:43  Supply Depot  
  102  6:44  Siege Tank  
  110  7:00  Marine x2  
  101  7:03  Marauder x2  
  99  7:16  Marine x2  
  99  7:17  Siege Tank  
  99  7:18  Marine  
  96  7:24  Marauder, Marine  
  96  7:25  Marauder  
  96  7:29  Medivac  
  103  7:31  Medivac  
  106  7:38  Barracks Reactor  
  106  7:40  Marine  
  106  7:42  Barracks Tech Lab, Marine  
  107  7:44  SCV x2  
  107  7:46  Marauder x2  
  107  7:47  Supply Depot  
  107  7:49  Siege Tank  
  107  7:50  Supply Depot  
  116  7:52  Concussive Shells  
  116  7:54  Orbital Command  
  116  7:57  SCV x2  
  116  7:58  Marine  
  119  7:59  Marine  
  119  8:03  Marauder  
  122  8:07  Marauder x2  
  122  8:09  SCV x2  
  122  8:10  Supply Depot  
  128  8:18  Marine x2  
  128  8:19  Marine x2  
  132  8:25  Marauder  
  134  8:27  SCV x3  
  134  8:29  Marauder x2  
  134  8:30  Siege Tank  
  144  8:37  Marine  
  144  8:38  Marine x3  
  148  8:42  Liberator  
  148  8:46  Marauder  
  153  8:50  Marauder x2  
  147  9:04  Marine x4  
  147  9:07  Marauder  
  153  9:11  Marauder x2  
  157  9:22  Marine x2  
  157  9:29  Marauder, Marine x2  
  144  9:33  Marauder x2  
  145  9:38  SCV x2  
  145  9:41  Marine  
  141  9:46  SCV  
  141  9:50  Marauder, SCV  
  142  9:53  Marine  
  142  9:54  Marauder x2, Marine  
  143  10:11  Marine x2  
  143  10:12  Marauder  
  143  10:14  SCV x3  
  140  10:21  Marauder, Marine x2  
  136  10:26  SCV x2  
  140  10:35  Marauder x2  
  137  10:36  Marine  
  137  10:42  Medivac, Marauder  
  139  10:46  Marine x2  
  140  10:51  SCV x2  
  140  10:53  SCV  
  125  11:09  SCV  
  125  11:10  SCV  
Tags
 
Add a new tag
Caveats
  • Supply blocks, unpowered buildings, or Contaminate may cause inaccurate times.
  • Supply counts are checked every 10 seconds.